 Dungeon Crawl Stone Soup version 0.21.1-1-g345015f (webtiles) character file.

10675 Goblin1989 the Cleaver (level 11, 0/84 HPs)
             Began as a Demonspawn Monk on Feb 5, 2018.
             Was an Elder of Yredelemnul.
             Slain by a minotaur
             ... wielding the cursed +1 hand axe "Worm" {freeze, Int+4 Stlth+}
              (3 damage)
             ... in a labyrinth.
             The game lasted 00:43:53 (16138 turns).

Goblin1989 the Cleaver (Demonspawn Monk)           Turns: 16138, Time: 00:43:54

Health: 0/84       AC: 18    Str: 13 (14) XL:     11   Next: 39%
Magic:  0/15       EV: 15    Int:  9 (12) God:    Yredelemnul [****..]
Gold:   789        SH:  6    Dex: 22 (25) Spells: 2/10 levels left

rFire    + . .     SeeInvis .   Y - +3 war axe
rCold    . . .     Gourm    .   n - +0 buckler
rNeg     + . .     Faith    .   w - +0 chain mail
rPois    .         Spirit   +   (helmet restricted)
rElec    .         Reflect  .   Q - +1 cloak
rCorr    .         Harm     .   (no gloves)
MR       .....                  (no boots)
Stlth    ..........             (no amulet)
HPRegen  0.24/turn              m - ring of positive energy
MPRegen  0.28/turn              (no ring)

@: agile, sanguine armour, very slightly contaminated, invisible
A: horns 2, agile 2, fire resistance 1, spiny 1, magic shield, magic
regeneration, sanguine armour 1
a: Recall Undead Slaves, Injury Mirror, Animate Dead, Drain Life, Renounce
Religion


You were in a labyrinth.
You worshipped Yredelemnul.
Yredelemnul was greatly pleased with you.
You were not hungry.

You visited 2 branches of the dungeon, and saw 14 of its levels.
You also visited: Labyrinth.

You collected 789 gold pieces.

Inventory:

Hand Weapons
 a - a +0 hand axe
 u - a +3 scimitar of flaming
 F - a +2 whip of electrocution
 K - a +2 flail of draining
 Y - a +3 war axe (weapon)
Missiles
 g - 86 poisoned needles
 B - 8 javelins (quivered)
 R - 5 silver tomahawks
 S - 8 curare-tipped needles
 Z - a throwing net {!d}
Armour
 n - a +0 buckler (worn)
 w - a +0 chain mail (worn)
 Q - a +1 cloak (worn)
Jewellery
 m - a ring of positive energy (left hand)
 D - an uncursed ring of protection from fire {unknown}
Wands
 z - a wand of polymorph (30)
 A - a wand of acid (11)
 I - a wand of iceblast (2)
 N - a wand of disintegration (17)
 P - a wand of paralysis (9)
Scrolls
 h - 4 scrolls of enchant armour
 k - 5 scrolls of fog
 y - 2 scrolls of fear {unknown}
 C - 3 scrolls of random uselessness {unknown}
 H - 2 scrolls of enchant weapon {unknown}
 M - a scroll of magic mapping
 O - a scroll of blinking {unknown}
 T - 2 scrolls of teleportation {!r, @r3}
 U - 2 scrolls of amnesia {unknown}
 V - a scroll of noise
 W - 4 scrolls of remove curse {@r2}
 X - 3 scrolls of immolation {unknown}
Potions
 j - a potion of cancellation
 s - a potion of flight
 x - 3 potions of curing {@q1}
 G - a potion of agility
 J - 3 potions of ambrosia
 L - 2 potions of mutation {!q}
Miscellaneous
 r - a sack of spiders
Comestibles
 e - 8 rations


   Skills:
 + Level 7.6 Fighting
 * Level 10.0 Axes
 - Level 3.0 Throwing
 + Level 6.2 Armour
 + Level 6.7 Dodging
 - Level 1.7 Stealth
 - Level 4.0 Shields
 + Level 5.3 Invocations
 - Level 5.1 Evocations


You had 2 spell levels left.
You knew the following spells:

 Your Spells              Type           Power        Failure   Level  Hunger
b - Animate Skeleton      Necr           N/A          100%        1    ##.....
j - Portal Projectile     Hex/Tloc       #.....       100%        3    ####...
o - Apportation           Tloc           #.....       100%        1    ##.....
W - Spectral Weapon       Hex/Chrm       #.......     100%        3    ####...


Dungeon Overview and Level Annotations

Branches:
Dungeon (13/15)            Temple (0/1) D:6            Lair (1/6) D:8
    Orc (0/2) D:9
 Vaults: D:13-14

Altars:
Gozag
Hepliaklqana
Okawaru
Qazlal
Ru
Vehumet
Yredelemnul
Zin

Shops:
D:8 =

Annotations:
D:6 exclusion: downstairs
D:9 1 runed door
Lair:1 Sonja


Innate Abilities, Weirdness & Mutations

You have a pair of horns on your head.
Your flesh is heat resistant. (rF+)
You are partially covered in sharp spines.
When hurt, damage is shared between your health and your magic reserves.
You regenerate magic rapidly.
When seriously injured, your bleeding wounds create armour. (AC +6)
You are very agile. (Dex +4)


Message History

You feel yourself slow down.
You now have 84/84 hp.
You start waiting.
You are feeling very hungry.
You start waiting.
You feel yourself speed up.
You start waiting.
You feel a sudden draft!
You start waiting.
You recover from your berserk rage.
You start waiting.
You feel a little less clever now.
You eat one of the 9 rations.
That ration really hit the spot!
Okay, then.
You open the door.
A minotaur comes into view.
It is wielding a steaming hand axe {freeze}.
The minotaur bellows!
Found an escape hatch in the ceiling.
Press: ? - help, v - describe, . - travel
Here: a minotaur, wielding a steaming hand axe {freeze}, wearing a runed plate armour and wearing a twisted brass ring The floor.
You fade into invisibility!
You are very lightly contaminated with residual magic.
You feel agile all of a sudden.
You strike the helpless minotaur from behind!
You hit the minotaur.
The minotaur is lightly wounded.
The minotaur hits you with a steaming hand axe {freeze}!!
The minotaur freezes you! The minotaur gores you!
Your blood congeals into armour.
You take 34 damage, and have 50/84 hp.
MASSIVE DAMAGE!!
You now have 9/15 mp.
You strike the helpless minotaur from behind!
You hit the minotaur but do no damage. Your headbutt misses the minotaur.
The minotaur barely misses you. x2
You strike the helpless minotaur from behind!
You hit the minotaur.
The minotaur is lightly wounded.
The minotaur hits you with a steaming hand axe {freeze}.
The minotaur freezes you.
The minotaur gores you but does no damage.
You take 6 damage, and have 44/84 hp.
You hit the minotaur but do no damage.
The minotaur is lightly wounded.
The minotaur hits you with a steaming hand axe {freeze}!
* * * LOW HITPOINT WARNING * * *
The minotaur freezes you.
* * * LOW HITPOINT WARNING * * *
The minotaur barely misses you.
You take 12 damage, and have 32/84 hp.
You now have 7/15 mp.
You hit the minotaur but do no damage.
The minotaur is lightly wounded.
Your chain mail prevents you from hitting the minotaur.
The minotaur is lightly wounded.
The minotaur hits you with a steaming hand axe {freeze}.
* * * LOW HITPOINT WARNING * * *
The minotaur freezes you.
* * * LOW HITPOINT WARNING * * *
The minotaur gores you but does no damage.
You take 7 damage, and have 25/84 hp.
You now have 5/15 mp.
You hit the minotaur but do no damage. You headbutt the minotaur.
The minotaur is lightly wounded.
The minotaur is struck by your spines.
The minotaur hits you but does no damage.
The minotaur gores you.
* * * LOW HITPOINT WARNING * * *
You take 5 damage, and have 20/84 hp.
The minotaur is struck by your spines.
The minotaur hits you but does no damage.
The minotaur gores you but does no damage.
Evoke which item? (* to show all) (? for menu, Esc to quit)
Aiming: Corrosive Bolt
Press: ? - help, Shift-Dir - straight line, f - minotaur
Aim: a minotaur, wielding a steaming hand axe {freeze}, wearing a runed plate armour and wearing a twisted brass ring (lightly wounded)
The bolt of acid hits the minotaur.
The minotaur is splashed with acid.
The acid corrodes the minotaur!
The minotaur is heavily wounded.
Evoke which item? (* to show all) (? for menu, Esc to quit)
Aiming: Corrosive Bolt
Press: ? - help, Shift-Dir - straight line, f/p - minotaur
Aim: a minotaur, wielding a steaming hand axe {freeze}, wearing a runed plate armour and wearing a twisted brass ring (heavily wounded, covered in acid)
The bolt of acid hits the minotaur.
The minotaur is splashed with acid.
The acid corrodes the minotaur!
The minotaur is almost dead.
The minotaur hits you with a steaming hand axe {freeze}!!
* * * LOW HITPOINT WARNING * * *
The minotaur freezes you!
* * * LOW HITPOINT WARNING * * *
The minotaur barely misses you.
You take 20 damage, and have 2/84 hp.
MASSIVE DAMAGE!!
You now have 0/15 mp.
Okay, then.
Okay, then.
Evoke which item? (* to show all) (? for menu, Esc to quit)
Aiming: Paralyse
Press: ? - help, Shift-Dir - straight line, f/p - minotaur
Aim: a minotaur, wielding a steaming hand axe {freeze}, wearing a runed plate armour and wearing a twisted brass ring (almost dead, covered in acid, chance to defeat MR: 26%)
The minotaur resists with almost no effort.
The minotaur is struck by your spines. The minotaur closely misses you.
The minotaur gores you.
You die...
Your body rises from the dead as a mindless zombie.

█ ... .█ █ . .
█ █. . █ █ █.
.. ÷ . █. █ █
█ ███.█████ ..
....█. ..█...█
█ █
...███.█.█.█.█
█
...█...█.█...█
███
█.....@H.██
█..
█.██████..█ █
██.█
█.∆...<█..█
..█ .
█...██████..█
██ . ███....
....█ █
█...........█
. █ ██.
.█.███.███ .
█...█.█.█ ....
█.███.█
.█████████


You could see a minotaur.

Vanquished Creatures
  Erica (D:8)
  A two-headed ogre (D:8)
  2 unseen horrors (D:10)
  A manticore (D:13)
  2 trolls (D:10)
  2 hippogriffs (D:7)
  8 yaks
  Menkaure (D:6)
  A porcupine (D:8)
  2 slaves (D:6)
  An orc warrior (D:7)
  3 sky beasts
  3 ice beasts
  A hornet zombie (D:10)
  4 black bears
  2 phantoms
  2 ogres
  6 centaurs
  2 crocodiles (D:8)
  A big kobold (D:10)
  3 bullfrogs
  A scorpion (D:8)
  8 killer bees
  5 wights (D:8)
  3 howler monkeys
  A crimson imp (D:6)
  3 centaur zombies
  2 orc priests (D:7)
  6 hounds
  A bullfrog skeleton (D:11)
  A jelly (D:7)
  A centaur skeleton (D:7)
  6 orc wizards
  7 iguanas
  8 worker ants
  4 hound skeletons
  A hound zombie (D:8)
  4 worker ant zombies
  2 howler monkey skeletons
  11 gnolls
  10 adders
  5 river rats (D:5)
  7 shadow imps
  3 oozes
  An adder skeleton (D:3)
  2 worms (D:2)
  2 dart slugs
  5 leopard geckos
  15 orcs
  3 giant cockroaches
  12 hobgoblins
  5 jackals (D:2)
  12 kobolds
  13 quokkas
  A ball python (D:6)
  9 bats
  4 frilled lizards
  A giant cockroach zombie (D:6)
  6 goblins
  A leopard gecko skeleton (D:5)
  26 rats
  A spectral orc (D:2)
  A fungus (D:8)
269 creatures vanquished.

Vanquished Creatures (collateral kills)
  Pikel (D:6)
  A deep elf mage (D:7)
  A wyvern (D:6)
  2 sky beasts (D:6)
  A black bear (D:7)
  An ogre (D:10)
  A bullfrog (D:8)
  A killer bee (D:7)
  A howler monkey (D:9)
  A hound (D:10)
  A bullfrog skeleton (D:8)
  An adder (D:8)
  2 orcs
15 creatures vanquished.

Vanquished Creatures (others)
  A human zombie (D:8)
  A bullfrog zombie (D:8)
  A centaur zombie (D:6)
  A porcupine zombie (D:8)
  3 killer bee zombies
  A sky beast zombie (D:7)
  2 mummies
  2 iguana zombies
  A gnoll zombie (D:7)
  2 kobold zombies (D:10)
  An orc zombie (D:8)
  37 fungi (D:8)
  5 plants (D:8)
58 creatures vanquished.

Grand Total: 342 creatures vanquished

Notes
Turn   | Place    | Note
-------+----------+-------------------------------------------
     0 | D:1      | Goblin1989 the Demonspawn Monk began the quest for the Orb.
     0 | D:1      | Reached XP level 1. HP: 18/18 MP: 1/1
   113 | D:1      | Reached skill level 3 in Axes
   155 | D:1      | Gained mutation: When seriously injured, your bleeding wounds create armour. (AC +6) [demonic ancestry]
   155 | D:1      | Reached XP level 2. HP: 8/24 MP: 2/2
  1070 | D:1      | Gained mutation: When hurt, damage is shared between your health and your magic reserves. [demonic ancestry]
  1070 | D:1      | Reached XP level 3. HP: 19/29 MP: 3/3
  1654 | D:2      | Reached skill level 1 in Shields
  2071 | D:2      | Gained mutation: You regenerate magic rapidly. [demonic ancestry]
  2071 | D:2      | Reached XP level 4. HP: 35/35 MP: 4/4
  2088 | D:2      | Reached skill level 4 in Axes
  2088 | D:2      | Reached skill level 1 in Throwing
  2696 | D:2      | Noticed an ogre
  2704 | D:2      | Killed an ogre
  2704 | D:2      | Gained mutation: You have a pair of small horns on your head. [demonic ancestry]
  2704 | D:2      | Reached XP level 5. HP: 8/41 MP: 1/5
  3418 | D:2      | Found a basalt altar of Yredelemnul.
  3428 | D:2      | Became a worshipper of Yredelemnul the Dark
  3428 | D:2      | Reached * piety under Yredelemnul
  3428 | D:2      | Reached ** piety under Yredelemnul
  3632 | D:3      | Found a faded altar of an unknown god.
  3902 | D:3      | Found an opulent altar of Gozag.
  3949 | D:3      | Reached skill level 1 in Invocations
  3950 | D:3      | Reached XP level 6. HP: 24/47 MP: 3/6
  5350 | D:4      | Reached skill level 5 in Axes
  5504 | D:4      | Gained mutation: You have a pair of horns on your head. [demonic ancestry]
  5504 | D:4      | Reached XP level 7. HP: 15/52 MP: 4/9
  6297 | D:5      | Entered Level 5 of the Dungeon
  6446 | D:5      | Found a radiant altar of Vehumet.
  6456 | D:5      | Found a hazy altar of Hepliaklqana.
  6463 | D:5      | Found an iron altar of Okawaru.
  6471 | D:5      | Found a stormy altar of Qazlal.
  6713 | D:5      | Found a sacrificial altar of Ru.
  7038 | D:5      | Found an opulent altar of Gozag.
  7039 | D:5      | Found a glowing silver altar of Zin.
  7332 | D:5      | Reached skill level 1 in Evocations
  7353 | D:5      | Reached *** piety under Yredelemnul
  7373 | D:5      | Reached skill level 1 in Armour
  7441 | D:5      | Reached XP level 8. HP: 32/58 MP: 9/11
  7878 | D:6      | Found a staircase to the Ecumenical Temple.
  7880 | D:6      | Noticed Pikel
  8010 | D:6      | Gained mutation: You are agile. (Dex +2) [potion of mutation]
  8010 | D:6      | Gained mutation: You are very agile. (Dex +4) [potion of mutation]
  8342 | D:6      | Noticed Menkaure
  8613 | D:6      | Reached skill level 5 in Invocations
  8765 | D:6      | Killed Menkaure
  8927 | D:6      | Reached skill level 6 in Axes
  9193 | D:6      | Received a gift from Yredelemnul (a wight)
  9341 | D:6      | Killed Pikel
  9679 | D:7      | Reached XP level 9. HP: 49/66 MP: 12/12
  9698 | D:7      | Learned a level 1 spell: Animate Skeleton
  9702 | D:7      | Learned a level 1 spell: Apportation
 10208 | D:7      | Upgraded the game from 0.21.1 to 0.21.1-1-g345015f
 10268 | D:7      | Reached skill level 5 in Fighting
 10662 | D:7      | Reached skill level 7 in Axes
 11706 | D:8      | Reached **** piety under Yredelemnul
 11709 | D:8      | Noticed a two-headed ogre
 11742 | D:8      | Noticed a deep elf mage
 11753 | D:7      | Killed a deep elf mage
 12047 | D:8      | Noticed Erica
 12085 | D:8      | Killed Erica
 12085 | D:8      | Reached skill level 8 in Axes
 12085 | D:8      | Reached skill level 5 in Dodging
 12085 | D:8      | Reached skill level 5 in Evocations
 12085 | D:8      | Gained mutation: You are partially covered in sharp spines. [demonic ancestry]
 12085 | D:8      | Reached XP level 10. HP: 34/76 MP: 10/13
 12387 | D:8      | Your ally Erica died
 12753 | D:8      | Received a gift from Yredelemnul (a mummy)
 12803 | D:8      | Found a staircase to the Lair.
 13117 | D:8      | Reached skill level 5 in Armour
 13579 | D:8      | Killed a two-headed ogre
 13579 | D:8      | Reached skill level 9 in Axes
 13597 | D:8      | Found Fiynt's Jewellery Boutique.
 13840 | D:9      | Received a gift from Yredelemnul (a wight)
 13871 | D:9      | Found a staircase to the Orcish Mines.
 14053 | D:9      | Identified the Handbook of Fetching Poison
 14059 | D:9      | Learned a level 3 spell: Spectral Weapon
 14063 | D:9      | Learned a level 3 spell: Portal Projectile
 14293 | D:9      | Found a runed door.
 14297 | D:9      | Noticed a sixfirhy
 14559 | Lair:1   | Entered Level 1 of the Lair of Beasts
 14559 | Lair:1   | Noticed a black mamba
 14559 | Lair:1   | Noticed Sonja
 14559 | Lair:1   | Noticed a spiny frog
 14595 | D:10     | Entered Level 10 of the Dungeon
 14739 | D:10     | Killed an unseen horror
 14739 | D:10     | Gained mutation: Your flesh is heat resistant. (rF+) [demonic ancestry]
 14739 | D:10     | Reached XP level 11. HP: 68/84 MP: 10/14
 14755 | D:10     | Killed an unseen horror
 15048 | D:10     | Received a gift from Yredelemnul (a mummy)
 15510 | D:11     | Noticed a two-headed ogre
 15521 | D:11     | You fall through a shaft for 2 floors!
 15592 | D:13     | Reached skill level 10 in Axes
 15625 | D:13     | Noticed a death knight
 15635 | D:11     | Noticed a two-headed ogre
 15641 | D:11     | Found a labyrinth entrance.
 15650 | Lab      | Entered a labyrinth
 16115 | Lab      | Noticed a minotaur
 16133 | Lab      | HP: 2/84 [minotaur/steaming hand axe {freeze} (7)]
 16138 | Lab      | Identified the cursed +1 hand axe "Worm" {freeze, Int+4 Stlth+}
 16138 | Lab      | Slain by a minotaur

Skill      XL: |  1  2  3  4  5  6  7  8  9 10 11 |
---------------+----------------------------------+-----
Axes           | 3 4 5 6 8 9 10 | 10.0
Shields        | 1 2 3 4 |  4.0
Throwing       | 1 2 3 |  3.0
Invocations    | 1 2 4 5 |  5.3
Evocations     | 1 3 5 |  5.1
Armour         | 1 2 4 5 6 |  6.2
Dodging        | 3 5 6 |  6.7
Fighting       | 4 6 7 |  7.6
Stealth        | |  1.7

Action                   |  1- 3 |  4- 6 |  7- 9 | 10-12 || total
-------------------------+-------+-------+-------+-------++-------
Melee: Hand axe          |   152 |   267 |   601 |   136 ||  1156
       Headbutt          |       |    43 |   150 |    60 ||   253
       War axe           |       |       |       |   135 ||   135
Throw: Throwing net      |       |     1 |       |       ||     1
Invok: Animate Dead      |       |       |    14 |    12 ||    26
Evoke: Wand              |       |       |     1 |     5 ||     6
  Use: Potion            |       |       |     3 |     6 ||     9
       Scroll            |       |       |       |    12 ||    12
 Stab: Sleeping          |     2 |     3 |       |       ||     5
       Distracted        |       |       |     1 |       ||     1
       Paralysed         |       |       |       |    11 ||    11
       Invisible         |       |       |       |     3 ||     3
  Eat: Chunk             |     4 |    11 |    15 |     9 ||    39
       Ration            |       |       |     3 |     3 ||     6
Armor: Robe              |    19 |       |       |       ||    19
       Ring mail         |    30 |    83 |   122 |       ||   235
       Scale mail        |       |       |    83 |     1 ||    84
       Chain mail        |       |       |       |   105 ||   105
Dodge: Dodged            |   108 |   138 |   312 |   101 ||   659
Block: Buckler           |    13 |    61 |   128 |    76 ||   278

Vault maps used:
D:1:      dpeg_arrival_erosion, minmay_pentomino_t4
D:2:      minmay_wonky_spiral, yredelemnul_forgotten_temple_becter,
          grunt_ministairs_11, minmay_misc_feat_nine_boxes,
          kennysheep_generic_room_13
D:3:      chequers_ecumenical_altar_simple_redux, hex_medium,
          nicolae_gozag_cash_rules_everything_around_me
D:4:      first_ration
D:5:      lemuel_ratsnest, gammafunk_temple_overflow_forgotten,
          grunt_temple_overflow_open, nicolae_ru_awakened_eye, basic_altar
D:6:      minmay_temple_entry_statues, uniq_menkaure, uniq_pikel
D:8:      due_lair_maze_entry_diamond, serial_shops, nicolae_shop_trees,
          uniq_erica
D:9:      cheibrodos_shockbox, orc_0_dummy
D:11:     lab_entry_generic, uniq_erolcha
D:12:     uniq_nergalle
D:13:     hangedman_stone_soup, minmay_crystal_room, corexii_hall_statues_x,
          minmay_misc_feat_secret_circle
Lair:1:   basic_altar, grunt_megastairs_1, uniq_sonja
Lab:      labyrinth_green, labyrinth_skeletal_remains,
          nicolae_lab_very_dead_end, nicolae_lab_stuck, nicolae_lab_grate_2
